 Dungeon Crawl Stone Soup version 0.29-a0-22-gbf593b1 (webtiles) character file.

Game seed: 15819691892179533201

6879 Illumine the Grappler (level 10, -9/102 HPs)
             Began as a Troll Monk on Jan 29, 2022.
             Was a Believer of Ru.
             Mangled by a two-headed ogre (19 damage)
             ... on level 9 of the Dungeon.
             The game lasted 00:17:02 (7227 turns).

Illumine the Grappler (Troll Monk)                  Turns: 7227, Time: 00:17:03

Health: -9/102     AC:  6    Str: 31    XL:     10   Next: 78%
Magic:  9/9        EV: 11    Int:  6    God:    Ru [**....]
Gold:   474        SH:  0    Dex: 12    Spells: 9/9 levels left

rFire   . . .      SeeInvis .     - Unarmed
rCold   + . .      Faith    .   (no shield)
rNeg    . . .      Spirit   .   L - +2 robe {Will+}
rPois   .          Reflect  .   (helmet restricted)
rElec   .          Harm     .   (no cloak)
rCorr   .          Rampage  .   (gloves unavailable)
Will    +....                   (boots unavailable)
Stlth   ++........              (no amulet)
HPRegen 1.07/turn               k - ring of protection from cold
MPRegen 0.11/turn               s - +6 ring of strength

@: no status effects
A: large, unfitting armour, claws 3, regeneration 1, shaggy fur 1, tough skin 1,
hated by all
a: Renounce Religion


You were on level 9 of the Dungeon.
You worshipped Ru.
Ru was pleased with you.
You visited 2 branches of the dungeon, and saw 10 of its levels.
You also visited: Sewer and Ossuary.

You collected 474 gold pieces.

Inventory:

Hand Weapons
 H - a +4 scimitar of flaming
 J - a +0 dire flail
Missiles
 f - 225 stones
 g - 10 poisoned darts
 m - 2 javelins
 E - 4 boomerangs (quivered)
 O - 3 curare-tipped darts
Armour
 a - a +0 robe
 C - +0 acid dragon scales
 L - a +2 robe of willpower (worn)
Jewellery
 k - a ring of protection from cold (left claw)
 s - a +6 ring of strength (right claw)
 N - a ring of resist corrosion
 P - an amulet of guardian spirit
Wands
 j - a wand of mindburst (9)
 u - a wand of digging (4)
 G - a wand of acid (5)
 K - a wand of paralysis (8)
Scrolls
 b - 5 scrolls of teleportation
 c - a scroll of holy word {unknown}
 d - 2 scrolls of fog
 e - a scroll of silence {unknown}
 l - a scroll of immolation
 v - a scroll of fear {unknown}
 w - a scroll of summoning {unknown}
 x - 2 scrolls of magic mapping {unknown}
 y - a scroll of enchant weapon
 z - a scroll of blinking {unknown}
 F - 2 scrolls of vulnerability
 I - 2 scrolls of identify
Potions
 h - 2 potions of cancellation
 i - 6 potions of brilliance
 n - 2 potions of heal wounds
 o - 2 potions of curing {unknown}
 p - 2 potions of ambrosia {unknown}
 q - a potion of mutation {unknown}
 r - 2 potions of magic {unknown}
 t - a potion of might {unknown}
 A - a potion of resistance {unknown}
 B - 2 potions of flight {unknown}
 D - 3 potions of degeneration {unknown}
 M - a potion of lignification {unknown}


   Skills:
 + Level 7.1 Fighting
 + Level 6.3 Throwing
 + Level 5.7 Dodging
 - Level 1.0 Stealth
 * Level 11.6 Unarmed Combat


You had 9 spell levels left.
You didn't know any spells.
Your spell library contained the following spells:

 Spells                   Type           Power      Damage    Failure   Level
 Conjure Flame            Conj/Fire      0%         6-21      83%         3
 Gell's Gravitas          Tloc           0%         N/A       83%         3
 Ignite Poison            Fire/Tmut/Pois 0%         N/A       83%         3
 Lesser Beckoning         Tloc           0%         N/A       83%         3
 Teleport Other           Tloc           0%         N/A       83%         3
 Sticky Flame             Conj/Fire      0%         2d3       99%         4
 Fireball                 Conj/Fire      0%         3d3       100%        5
 Starburst                Conj/Fire      0%         6d3       100%        6
 Ignition                 Fire           0%         3d3       100%        8


Dungeon Overview and Level Annotations

Branches:
Dungeon (9/15)             Temple (1/1) D:4           Sewer (visited)
Ossuary (visited)
   Lair: D:8-11         Orc: D:9-12

Altars:
Elyvilon
Fedhas
Ru
Wu Jian
Zin

Shops:
D:8 *


Innate Abilities, Weirdness & Mutations

You are too large for most types of armour.
You have claws for hands.
Your natural rate of healing is unusually fast.
You are covered in fur. (AC +1)
You have tough skin. (AC +1)
You are hated by all.


Message History

a +1 spear of venom; a +4 ring mail; a +0 chain mail The troll shouts!
You mangle the howler monkey!!
You kill the howler monkey!
You mangle the troll!! You claw the troll, but do no damage.
The troll is severely wounded.
The troll bites you! The troll closely misses you. The troll claws you.
You barely miss the troll.
The troll is heavily wounded.
You closely miss the troll.
The troll is heavily wounded.
The troll closely misses you. The troll claws you but does no damage.
The troll misses you.
You claw the troll!
The troll is almost dead.
The troll bites you! The troll claws you.
The troll claws you but does no damage.
You claw the troll!
You kill the troll!
A two-headed ogre comes into view.
It is wielding a +0 giant club and a +0 giant spiked club.
A two-headed ogre is nearby!
Throw: 4 boomerangs
Press: ? - help, Q - select action, (/) - cycle Shift-Dir - straight line, f - two-headed ogre
Aim: a two-headed ogre, wielding a +0 giant club and a +0 giant spiked club (wandering, hasn't noticed you, 77% to hit)
You throw a boomerang. The two-headed ogre shouts in stereo!
The boomerang hits the two-headed ogre.
The two-headed ogre is lightly wounded.
You mangle the two-headed ogre!!
The two-headed ogre is heavily wounded.
The two-headed ogre hits you with a +0 giant club!!
The two-headed ogre hits you with a +0 giant spiked club!
You mangle the two-headed ogre!!
The two-headed ogre is almost dead.
You claw the two-headed ogre!
The two-headed ogre is almost dead.
The two-headed ogre hits you with a +0 giant club!!
* * * LOW HITPOINT WARNING * * *
The two-headed ogre hits you with a +0 giant spiked club!!
You die...

.#[#.#.###.#
....†.......
)#.###.#.#.# .#.# .#
)#.# .## ##### .#.. ..
....
.#####.#########.#####
.#.#.#.#.#.#....O....#
.##.......##.#.#@#.#.#
.#..⌠.###..#.........#
)##...#.#.##.#.#.#.#.#..
..†.##.##.......).......
.##.#.#...##.#.#.#.#.#..
.#..###.⌠..#.........# .
.##.......##.#.#$#.#.#
†#.#.#.#.#.#.........#
.#####.#########.#####


You could see a two-headed ogre.

Vanquished Creatures
  Erica (D:8)
  Pikel (D:6)
  Maggie (D:8)
  Psyche (D:8)
  2 trolls (D:9)
  A hornet (D:9)
  Prince Ribbit (D:5)
  Sigmund (D:2)
  A vampire (D:9)
  A wraith (D:8)
  4 yaks
  3 steam dragons
  Menkaure (D:7)
  Edmund (D:4)
  An acid dragon (D:8)
  2 water moccasins
  3 ice beasts
  A black bear (D:6)
  3 orc warriors
  4 centaurs
  4 bullfrogs
  A gnoll sergeant (D:9)
  4 water moccasin zombies (Ossuary)
  A wyvern skeleton (D:7)
  A water moccasin skeleton (D:5)
  A killer bee (D:9)
  5 howler monkeys
  An electric eel (D:8)
  A bullfrog zombie (D:5)
  3 centaur zombies
  Crazy Yiuf (D:2)
  A centaur skeleton (D:7)
  A bullfrog skeleton (D:6)
  An orc priest (D:8)
  A jelly (D:5)
  Ijyb (D:3)
  Natasha (thrice) (D:2)
  3 iguanas
  5 orc wizards
  A killer bee zombie (D:8)
  3 mummies
  A howler monkey zombie (D:8)
  3 gnolls (D:7)
  7 adders
  2 howler monkey skeletons
  4 river rats (Sewer)
  2 howler monkey simulacra (D:9)
  5 adder zombies (Ossuary)
  2 worms (D:2)
  6 dart slugs
  16 orcs
  7 bats
  13 endoplasms
  6 giant cockroaches
  10 goblins
  A hobgoblin (D:3)
  6 jackals
  5 quokkas
  14 ball pythons
  6 frilled lizards
  3 gnoll zombies (Ossuary)
  A goblin zombie (D:5)
  5 hobgoblin zombies (Ossuary)
  11 kobolds
  2 kobold zombies (Ossuary)
  5 orc zombies
  27 rats
247 creatures vanquished.

Notes
Turn   | Place    | Note
-------+----------+-------------------------------------------
     0 | D:1      | Illumine the Troll Monk began the quest for the Orb.
     0 | D:1      | Reached XP level 1. HP: 22/22 MP: 0/0
   223 | D:1      | Reached XP level 2. HP: 25/29 MP: 1/1
   577 | D:2      | Reached XP level 3. HP: 31/36 MP: 2/2
   605 | D:2      | Noticed Natasha
   625 | D:2      | Killed Natasha
   626 | D:2      | Reached skill level 4 in Unarmed Combat
   736 | D:2      | Reached XP level 4. HP: 45/45 MP: 3/3
   792 | D:2      | Noticed Natasha
   798 | D:2      | Killed Natasha
   837 | D:2      | Found a runed translucent door.
   838 | D:2      | Noticed Crazy Yiuf
   863 | D:2      | Noticed Natasha
   867 | D:2      | Killed Natasha
  1050 | D:2      | Noticed Sigmund
  1063 | D:2      | Killed Sigmund
  1064 | D:2      | Reached skill level 5 in Unarmed Combat
  1064 | D:2      | Reached XP level 5. HP: 36/54 MP: 4/4
  1064 | D:2      | Reached XP level 6. HP: 42/62 MP: 5/5
  1499 | D:3      | Found an ornate altar of the Wu Jian Council.
  1703 | D:3      | Reached skill level 6 in Unarmed Combat
  1878 | D:3      | Noticed Ijyb
  1931 | D:3      | Killed Ijyb
  2484 | D:4      | Found a blossoming altar of Fedhas.
  2583 | D:4      | Noticed Edmund
  2590 | D:5      | Entered Level 5 of the Dungeon
  2590 | D:5      | Noticed an ice beast
  2609 | D:5      | Killed an ice beast
  2610 | D:5      | Reached skill level 1 in Throwing
  2661 | D:5      | Found a sand-covered staircase.
  2667 | D:5      | Reached XP level 7. HP: 56/70 MP: 6/6
  2681 | Ossuary  | Entered an ossuary
  2736 | Ossuary  | Reached skill level 7 in Unarmed Combat
  3043 | D:5      | Found a white marble altar of Elyvilon.
  3121 | D:5      | Noticed Prince Ribbit
  3129 | D:5      | HP: 1/71 [Prince Ribbit (9)]
  3377 | D:6      | Noticed a steam dragon
  3393 | D:6      | Killed a steam dragon
  3394 | D:6      | Reached XP level 8. HP: 16/79 MP: 7/7
  3557 | D:6      | Found a glowing drain.
  3577 | Sewer    | Entered a sewer
  3839 | Sewer    | Reached skill level 5 in Fighting
  3839 | Sewer    | Reached skill level 8 in Unarmed Combat
  4027 | D:6      | Noticed Pikel
  4034 | D:6      | Killed Pikel
  4279 | D:6      | Reached skill level 9 in Unarmed Combat
  4279 | D:6      | Reached XP level 9. HP: 59/88 MP: 8/8
  4386 | D:7      | Noticed Menkaure
  4395 | D:7      | Killed Menkaure
  4665 | D:4      | Found a staircase to the Ecumenical Temple.
  4680 | Temple   | Entered the Ecumenical Temple
  4693 | Temple   | Became a worshipper of Ru the Awakened
  4700 | Temple   | Gained mutation: You are hated by all. [Ru sacrifice]
  4700 | Temple   | Reached * piety under Ru
  4700 | Temple   | Reached ** piety under Ru
  4749 | D:4      | Killed Edmund
  5226 | D:2      | Killed Crazy Yiuf
  5428 | D:5      | Killed Prince Ribbit
  5708 | D:8      | Found Cyddoq's CLEARANCE SALE!.
  5731 | D:8      | Noticed Erica
  5744 | D:8      | Killed Erica
  5745 | D:8      | Reached skill level 10 in Unarmed Combat
  5861 | D:8      | Reached skill level 5 in Throwing
  6087 | D:8      | Noticed Maggie
  6094 | D:8      | Killed Maggie
  6095 | D:8      | Reached XP level 10. HP: 81/100 MP: 9/9
  6181 | D:8      | Noticed Psyche
  6187 | D:8      | Paralysed by Psyche for 6 turns
  6195 | D:8      | Killed Psyche
  6196 | D:8      | Reached skill level 5 in Dodging
  6890 | D:9      | Paralysed by a hornet for 2 turns
  6895 | D:9      | Paralysed by a hornet for 1 turns
  6899 | D:9      | Reached skill level 11 in Unarmed Combat
  7221 | D:9      | Noticed a two-headed ogre
  7227 | D:9      | Mangled by a two-headed ogre

Illustrated notes

Levels and vault maps discovered:
D:1:      evilmike_arrival_home_sweet_home, layout_loops_ring
D:2:      layout_loops_cross, uniq_crazy_yiuf_cottage, uniq_natasha,
          uniq_sigmund
D:3:      layout_basic, mainiacjoe_overflow_alcove_4, uniq_ijyb
D:4:      layout_loops_ring, mainiacjoe_overflow_small_starburst,
          minmay_temple_entry_statues_fountains, serial_park_tiny_pond,
          uniq_edmund
D:5:      layout_loops_ring, amcnicky_altar_gilded, nicolae_ossuary_entry_giza,
          minmay_strange_pillars, uniq_prince_ribbit1
D:6:      layout_gridville, gup_sewer_entry_glass, uniq_pikel
D:7:      layout_cave_pools, yredelemnul_forgotten_temple_becter,
          kennysheep_generic_room_11, uniq_menkaure, uniq_harold, uniq_joseph
D:8:      layout_basic, grunt_ministairs_11, kennysheep_crisscross,
          kennysheep_cross_bottleneck, serial_bayou_pond_e,
          nicolae_shop_clearance, uniq_psyche, uniq_maggie, uniq_erica
D:9:      minmay_the_grid_4x2 [minmay_the_grid_mess, minmay_the_grid_box_x,
          minmay_the_grid_minigrid_small, minmay_the_grid_fan,
          minmay_the_grid_tiny_cups, minmay_the_grid_medium_cups,
          minmay_the_grid_dragon_b, minmay_the_grid_prize_inner_circle],
          layout_basic, lemuel_coloured_pillars_altar, david_lair_shrubbed,
          nicolae_blasting_shop, uniq_erolcha
Temple:   minmay_crystal_spiral_temple

Skill      XL: |  1  2  3  4  5  6  7  8  9 10 |
---------------+-------------------------------+-----
Fighting       | 3 4 5 6 7 |  7.1
Unarmed Combat | 4 5 6 7 9 10 11 | 11.6
Throwing       | 1 2 4 5 6 |  6.3
Dodging        | 3 4 5 |  5.7
Stealth        | |  1.0

Action                   |  1- 3 |  4- 6 |  7- 9 | 10-12 || total
-------------------------+-------+-------+-------+-------++-------
Melee: Unarmed           |    94 |   145 |   331 |   108 ||   678
       Punch             |     3 |     3 |    16 |     8 ||    30
Throw: Stone             |       |    14 |     6 |       ||    20
       Boomerang         |       |       |     6 |     7 ||    13
       Javelin           |       |       |     5 |       ||     5
Invok: Sacrifice Love    |       |       |     1 |       ||     1
Evoke: Wand              |       |       |     1 |     1 ||     2
  Use: Scroll            |       |       |    11 |       ||    11
 Stab: Sleeping          |     1 |     4 |     3 |     1 ||     9
       Distracted        |       |       |     1 |       ||     1
       Invisible         |       |       |     1 |       ||     1
Armor: Robe              |    22 |    38 |    92 |    35 ||   187
Dodge: Dodged            |    47 |    68 |   158 |    56 ||   329

Table legend: (Time is in decaauts)
 A = Elapsed time spent in this place.
 B = Non-inter-level travel time spent in this place.
 C = Inter-level travel time spent in this place.
 D = Time resting spent in this place.
 E = Time spent auto-exploring this place.
 F = Levels seen in this place.
 G = Mean time per level.
                   A        B        C        D        E       F      G
               +--------+--------+--------+--------+--------+-----+--------+
         Total |   7190 |   6693 |    497 |    657 |   3989 |  12 |  599.2 |
       Dungeon |   6661 |   6169 |    492 |    627 |   3938 |   9 |  740.1 |
        Temple |     22 |     17 |      5 |      0 |      7 |   1 |   22.0 |
         Sewer |    326 |    326 |      0 |     30 |     44 |   1 |  326.0 |
       Ossuary |    179 |    179 |      0 |      0 |      0 |   1 |  179.0 |
               +--------+--------+--------+--------+--------+-----+--------+

Top non-repeatable levels by time:
     D:8: 1249 daAuts
     D:3: 1112 daAuts
     D:2: 852 daAuts
     D:5: 841 daAuts
     D:6: 795 daAuts
     D:4: 738 daAuts
     D:1: 556 daAuts
   Sewer: 326 daAuts
     D:9: 280 daAuts
     D:7: 236 daAuts
 Ossuary: 179 daAuts
  Temple: 22 daAuts
